Map: Frost LE

Players

Rodzyn - Winner!

  • Race: Protoss Protoss
  • League: Grandmaster

Miszu

  • Race: Terran Terran
  • League: Grandmaster

VOD

Have the link to the VOD?

Description

Time

  • Played on: June 8, 2016, 2:05 p.m.
  • Length: 11:36
Show
View Real Time Build Order
Export as new Build Order

Rodzyn Protoss - Winner!

Build Orders: 1 Gate Expand 

Get SALT Encoding   

  12  0:01  Probe (Chrono Boost)  
  13  0:12  Probe (Chrono Boost)  
  14  0:20  Pylon  
  14  0:22  Probe (Chrono Boost)  
  15  0:38  Gateway, Probe (Chrono Boost)  
  16  0:44  Assimilator  
  16  0:49  Probe (Chrono Boost)  
  17  0:59  Probe (Chrono Boost)  
  18  1:10  Probe (Chrono Boost)  
  19  1:22  Nexus  
  19  1:32  Cybernetics Core  
  19  1:36  Probe (Chrono Boost)  
  20  1:42  Assimilator  
  21  1:47  Probe (Chrono Boost)  
  21  1:55  Pylon  
  21  1:57  Probe (Chrono Boost)  
  22  2:08  Probe (Chrono Boost)  
  23  2:12  Stalker (Chrono Boost)  
  25  2:21  Probe  
  25  2:22  Warp Gate  
  25  2:29  Robotics Facility  
  25  2:34  Probe  
  25  2:36  Probe  
  27  2:45  Stalker (Chrono Boost)  
  27  2:48  Probe (Chrono Boost)  
  30  2:52  Probe (Chrono Boost)  
  31  3:01  Probe (Chrono Boost)  
  31  3:02  Mothership Core (Chrono Boost)  
  34  3:11  Probe (Chrono Boost)  
  35  3:13  Pylon  
  35  3:19  Probe (Chrono Boost)  
  36  3:20  Observer (Chrono Boost)  
  36  3:21  Stalker  
  36  3:22  Probe  
  40  3:30  Probe  
  41  3:35  Probe  
  42  3:42  Gateway, Observer (Chrono Boost)  
  42  3:47  Gateway  
  42  3:52  Pylon  
  42  3:56  Stalker (Chrono Boost)  
  44  4:12  Probe  
  44  4:13  Probe  
  46  4:19  Twilight Council  
  46  4:21  Pylon  
  46  4:24  Probe (Chrono Boost)  
  46  4:25  Probe (Chrono Boost)  
  48  4:35  Probe (Chrono Boost)  
  48  4:36  Probe (Chrono Boost)  
  51  4:45  Probe (Chrono Boost)  
  51  4:46  Pylon  
  51  4:47  Probe (Chrono Boost)  
  51  4:48  Stalker x2  
  56  4:56  Probe (Chrono Boost)  
  56  4:57  Warp Prism, Probe (Chrono Boost)  
  56  5:05  Probe (Chrono Boost)  
  57  5:08  Blink (Chrono Boost)  
  57  5:16  Assimilator, Probe  
  57  5:19  Assimilator  
  58  5:23  Stalker x2  
  58  5:27  Stalker  
  63  5:28  Probe  
  63  5:29  Probe  
  65  5:40  Probe  
  65  5:42  Probe  
  67  5:51  Pylon  
  67  5:53  Probe  
  67  5:56  Probe  
  68  5:57  Nexus  
  68  6:00  Pylon  
  69  6:08  Adept  
  69  6:09  Adept x2  
  75  6:11  Probe  
  75  6:13  Probe  
  77  6:25  Probe  
  78  6:27  Probe  
  79  6:34  Gateway  
  79  6:35  Gateway  
  79  6:37  Gateway  
  79  6:53  Charge (Chrono Boost), Probe  
  79  6:54  Probe  
  79  6:58  Immortal (Chrono Boost)  
  79  6:59  Gateway  
  85  7:02  Gateway  
  85  7:03  Pylon  
  85  7:04  Probe  
  86  7:09  Probe  
  86  7:10  Probe  
  86  7:15  Probe  
  88  7:19  Zealot x3  
  88  7:20  Probe  
  96  7:30  Warp Prism (Chrono Boost)  
  96  7:36  Probe  
  92  7:37  Probe  
  92  7:38  Probe  
  92  7:39  Assimilator  
  92  7:42  Assimilator  
  93  7:48  Templar Archives  
  93  7:49  Sentry x2, Zealot  
  93  7:50  Zealot x3  
  105  7:55  Pylon x2  
  105  8:04  Zealot x2  
  109  8:09  Immortal, Pylon  
  109  8:10  Pylon  
  109  8:11  Pylon  
  109  8:16  Zealot x2  
  117  8:26  High Templar x5  
  127  8:27  High Templar  
  127  8:30  Archon  
  127  8:31  Archon x2  
  129  8:43  Immortal  
  129  8:46  Zealot  
  129  8:47  Psionic Storm, Zealot  
  135  8:50  Pylon  
  135  9:01  Probe  
  136  9:14  Stalker x2  
  136  9:15  Stalker  
  136  9:16  High Templar x2  
  146  9:17  Immortal  
  146  9:19  Nexus  
  146  9:20  Pylon  
  146  9:22  Zealot x2  
  146  9:23  Zealot  
  156  9:37  Pylon  
  155  9:42  Probe  
  154  9:46  High Templar x2  
  154  9:49  High Templar  
  154  9:51  Warp Prism, Zealot x5  
  170  9:57  Pylon x2  
  172  10:09  Forge x2  
  114  10:32  High Templar x2, Observer, Zealot x5  
  114  10:33  Zealot  
  127  10:41  Probe x3  
  127  10:42  Probe  
  131  10:53  Probe  
  131  10:54  High Templar  
  131  10:55  Zealot x4  
  142  10:59  Stalker  
  142  11:02  Assimilator x2  
  148  11:11  Stalker x2  
  150  11:27  Zealot x6  
Show
View Real Time Build Order
Export as new Build Order

Miszu Terran 

Build Orders: 1/1/1, Liberator Opening, MMM Bio 

Get SALT Encoding   

  12  0:00  SCV  
  13  0:12  SCV  
  14  0:17  Supply Depot  
  14  0:25  SCV  
  15  0:36  Refinery  
  15  0:39  SCV  
  16  0:45  Barracks  
  16  0:51  SCV  
  17  1:00  Refinery  
  17  1:03  SCV  
  18  1:15  SCV  
  20  1:32  Factory  
  20  1:33  Marine  
  20  1:35  Orbital Command  
  20  1:45  Supply Depot  
  20  1:51  Marine  
  21  2:03  SCV  
  22  2:12  Marine  
  23  2:17  Starport  
  23  2:22  Hellion  
  25  2:23  SCV  
  26  2:30  Marine  
  26  2:32  Supply Depot  
  27  2:37  SCV  
  27  2:44  Hellion  
  30  2:48  Marine  
  31  2:54  Medivac  
  33  3:05  Hellion  
  35  3:13  Barracks Reactor, Liberator  
  35  3:23  Command Center  
  38  3:39  Factory Tech Lab  
  38  3:41  Supply Depot, SCV  
  39  4:02  Marine x2  
  36  4:12  Siege Tank  
  36  4:15  SCV  
  37  4:19  Barracks  
  37  4:20  Barracks  
  37  4:32  Starport Reactor  
  37  4:33  SCV  
  37  4:35  Engineering Bay, Orbital Command  
  35  4:46  SCV  
  35  4:50  Siege Tank  
  39  4:58  SCV  
  37  5:01  SCV  
  37  5:03  Terran Infantry Weapons Level 1  
  37  5:07  Barracks Tech Lab x2  
  38  5:10  SCV  
  38  5:11  Marine  
  38  5:12  Marine  
  38  5:13  SCV  
  42  5:22  SCV  
  42  5:25  SCV  
  47  5:28  Marine  
  47  5:30  Stimpack  
  47  5:34  Marine x3, SCV  
  49  5:37  Refinery, SCV  
  50  5:46  Barracks, SCV  
  50  5:48  Barracks  
  50  5:49  SCV  
  52  5:53  Marine x2  
  54  5:57  Marine x2  
  54  5:59  SCV  
  54  6:03  SCV  
  54  6:04  Supply Depot  
  58  6:08  Supply Depot  
  58  6:12  Medivac  
  58  6:15  Medivac  
  62  6:25  SCV x2  
  64  6:26  Refinery  
  64  6:28  Marine x3  
  64  6:29  Marine  
  68  6:34  Barracks Reactor x2  
  68  6:36  Liberator  
  70  7:01  SCV x2  
  71  7:11  Supply Depot, Marine x6  
  71  7:13  SCV  
  71  7:15  Supply Depot  
  78  7:17  Supply Depot  
  78  7:18  Marine, Siege Tank, SCV  
  79  7:39  Marine x4, Marauder x2  
  79  7:40  Marine x2  
  89  7:46  Terran Infantry Armor Level 1  
  89  7:53  Combat Shields  
  89  7:57  Marine x5  
  94  8:03  Marauder  
  95  8:13  Marine, Marauder  
  95  8:14  Marine  
  95  8:15  Marine  
  95  8:16  Marine x3  
  103  8:20  Liberator  
  105  8:27  Command Center, Marauder  
  105  8:34  Marauder  
  110  8:56  Supply Depot x2  
  110  8:58  Supply Depot  
  110  9:05  Supply Depot  
  110  9:17  Marine x7, Medivac  
  110  9:18  Marauder  
  121  9:29  Engineering Bay, Armory  
  121  9:35  Marine x7  
  128  9:43  Marine  
  128  9:44  Medivac  
  131  9:50  Orbital Command  
  131  9:53  Marine x2  
  131  9:56  SCV x2  
  135  10:01  Medivac  
  120  10:18  Marauder  
  92  10:23  Marauder  
  81  10:30  Marine x6  
  85  10:58  Marine x4  
  85  10:59  Marine x3  
  92  11:10  Barracks  
  92  11:11  Barracks  
  92  11:13  Marauder  
  92  11:14  Barracks  
  92  11:17  Marine x3  
Tags
 
Add a new tag
Caveats
  • Supply blocks, unpowered buildings, or Contaminate may cause inaccurate times.
  • Supply counts are checked every 10 seconds.